 Dungeon Crawl Stone Soup version 0.29.1-15-g9cfb28693d (webtiles) character file.

Game seed: 17848611267791462744

1 fleeber the Ducker (level 1, -1/16 HPs)
             Began as a Merfolk Gladiator on Feb 24, 2023.
             Slain by a goblin
             ... wielding a +0 club
              (4 damage)
             ... on level 1 of the Dungeon.
             The game lasted 00:00:12 (16 turns).

fleeber the Ducker (Merfolk Gladiator)                Turns: 16, Time: 00:00:13

Health: -1/16      AC:  4    Str: 14    XL:     1   Next: 20%
Magic:  1/1        EV: 13    Int:  7    God:
Gold:   17         SH:  0    Dex: 15    Spells: 0/0 levels left

rFire   . . .      SeeInvis .   a - +0 long sword
rCold   . . .      Faith    .   (no shield)
rNeg    . . .      Spirit   .   b - +0 leather armour
rPois   .          Reflect  .   c - +0 helmet
rElec   .          Harm     .   (no cloak)
rCorr   .          Rampage  .   (no gloves)
Will    .....                   (no boots)
Stlth   +.........              (no amulet)
HPRegen 0.05/turn               (no ring)
MPRegen 0.07/turn               (no ring)

@: no status effects
A: (nimble swimmer 2), mertail
a: no special abilities


You were on level 1 of the Dungeon.
You visited 1 branch of the dungeon, and saw 1 of its levels.

You collected 17 gold pieces.

Inventory:

Hand Weapons
 a - a +0 long sword (weapon)
Missiles
 d - 3 throwing nets (quivered)
 e - a javelin
Armour
 b - a +0 leather armour (worn)
 c - a +0 helmet (worn)


   Skills:
 + Level 2.2 Fighting
 * Level 3.7 Long Blades
 - Level 2.0 Throwing
 + Level 4.0 Dodging


You couldn't memorise any spells.
You didn't know any spells.
Your spell library was empty.

Dungeon Overview and Level Annotations

Branches:
Dungeon (1/15)

Altars:


Innate Abilities, Weirdness & Mutations

((You are very nimble when in or above water. (Stealth+, EV+, Speed+++)))
Your lower body shifts to a powerful aquatic tail in water.


Message History

A goblin comes into view. It is wielding a +0 club.
The goblin shouts!
An endoplasm comes into view.
A goblin comes into view. It is wielding a +0 club.
The endoplasm quivers.
The goblin shouts!
A bat comes into view.
An endoplasm comes into view.
The goblin misses you. The bat hits you but does no damage.
You barely miss the bat. The bat misses you.
The goblin hits you but does no damage. The endoplasm misses you.
You hit the endoplasm.
The endoplasm is almost dead.
The bat closely misses you. The endoplasm freezes you.
You are frozen.
The goblin closely misses you.
You hit the endoplasm.
You kill the endoplasm!
The bat barely misses you. The goblin hits you but does no damage.
You barely miss the bat. The bat hits you but does no damage.
The goblin barely misses you. The goblin completely misses you.
You barely miss the bat. The bat hits you but does no damage.
The goblin barely misses you. The goblin hits you but does no damage.
The goblin hits you with a +0 club.
The endoplasm hits you but does no damage.
The goblin barely misses you.
You are too injured to fight recklessly!
You are too injured to fight recklessly!
You are too injured to fight recklessly!
You are too injured to fight recklessly!
The bat barely misses you. The goblin attacks as you move away!
The goblin hits you but does no damage. The goblin attacks as you move away!
The goblin hits you with a +0 club.
Found a blue potion.
The bat barely misses you.
You barely miss the goblin. The bat hits you but does no damage.
The goblin misses you. The goblin hits you with a +0 club.
* * * LOW HITPOINT WARNING * * *
You barely miss the goblin. The bat barely misses you.
The goblin completely misses you. The goblin hits you with a +0 club.
You die...

... #..!.. ... ..
#$...##....# .....
..##..........##.....
....................
..................# .
..................##..
......................
............@g...?....
.......<....g......#
.......>....bJ.....#
......................
......................
.................##...
.................# ..
##..........##..... .
#....##....##......


You could see an endoplasm, 2 goblins and a bat.

Vanquished Creatures
  An endoplasm (D:1)
1 creature vanquished.

Notes
Turn   | Place    | Note
-------+----------+-------------------------------------------
     0 | D:1      | fleeber the Merfolk Gladiator began the quest for the Orb.
     0 | D:1      | Reached XP level 1. HP: 16/16 MP: 1/1
    16 | D:1      | Slain by a goblin

Illustrated notes

Levels and vault maps discovered:
D:1:      dpeg_arrival_stonehenge_12_columns, layout_rooms,
          shapermc_ecumenical_altar_rom_forum, corexii_leaking_fountain,
          minmay_misc_feat_secret_circle

Action                   || total
-------------------------++-------
Melee: Long sword        ||     7
Armor: Leather armour    ||     9
Dodge: Dodged            ||    15
